 Dungeon Crawl Stone Soup version 0.24.0-123-gd5b16e6ec5 (webtiles) character file.

Game seed: 10300538782048478223, levelgen mode: deterministic

177 sprunkey the Cudgeler (level 5, -3/49 HPs)
             Began as a Troll Warper on Jan 15, 2020.
             Was an Initiate of Sif Muna.
             Slain by a scorpion (5 damage)
             ... on level 5 of the Dungeon.
             The game lasted 00:17:19 (1964 turns).

sprunkey the Cudgeler (Troll Warper)                Turns: 1964, Time: 00:17:20

Health: -3/49      AC:  6    Str: 20    XL:     5   Next: 30%
Magic:  2/6        EV: 10    Int:  9    God:    Sif Muna [......]
Gold:   128        SH:  0    Dex:  9    Spells: 5/7 levels left

rFire    . . .     SeeInvis .   a - +1 mace
rCold    . . .     Gourm    +   (no shield)
rNeg     . . .     Faith    .   w - +0 robe
rPois    .         Spirit   .   (helmet restricted)
rElec    .         Reflect  .   (no cloak)
rCorr    .         Harm     .   (gloves unavailable)
MR       .....                  (boots unavailable)
Stlth    +.........             (no amulet)
HPRegen  0.56/turn              (no ring)
MPRegen  0.10/turn              (no ring)

@: lethally poisoned (-3 -> -8)
A: large, unfitting armour, claws 3, fast metabolism 3, gourmand, regeneration
1, shaggy fur 1, tough skin 3
a: Renounce Religion


You were on level 5 of the Dungeon.
You worshipped Sif Muna.
Sif Muna was noncommittal.
You were not hungry.

You visited 1 branch of the dungeon, and saw 5 of its levels.

You collected 128 gold pieces.

Inventory:

Hand Weapons
 a - a +1 mace (weapon)
 g - a +0 club
 h - a +0 dagger
 i - a +0 spear
 j - a +0 dagger
 m - a +0 club
 o - a +0 short sword
 q - a +0 dagger
Missiles
 c - 22 arrows
 e - 2 boomerangs of dispersal (quivered)
 k - 72 bolts
Armour
 b - a +0 robe
 p - a +0 leather armour
 u - a +0 pair of gloves
 w - a +0 robe (worn)
Scrolls
 l - a scroll of teleportation
 s - 2 scrolls of fog
 v - 2 scrolls of identify
Potions
 n - a potion of lignification {unknown}
 r - a potion of ambrosia {unknown}
 t - 2 potions of curing {unknown}
Comestibles
 f - 6 rations


   Skills:
 + Level 2.3 Fighting
 + Level 3.3 Maces & Flails
 - Level 1.0 Throwing
 + Level 2.9 Dodging
 - Level 1.8 Spellcasting
 * Level 2.1 Translocations


You had 5 spell levels left.
You knew the following spells:

 Your Spells              Type           Power        Failure   Level  Hunger
a - Blink                 Tloc           N/A          22%         2    ###....

Your spell library contained the following spells:

 Spells                   Type           Power        Failure   Level  Hunger
 Shroud of Golubria       Chrm/Tloc      #.....       32%         2    ###....
 Magic Dart               Conj           #...         34%         1    ##.....
 Gell's Gravitas          Tloc           #.........   38%         3    ####...
 Lesser Beckoning         Tloc           #.........   38%         3    ####...
 Teleport Other           Tloc           #.......     38%         3    ####...
 Searing Ray              Conj           #.....       45%         2    ###....
 Dazzling Spray           Conj/Hex       #.....       71%         3    ####...
 Passage of Golubria      Tloc           N/A          80%         4    #####..
 Force Lance              Conj/Tloc      #.......     91%         4    #####..
 Fulminant Prism          Conj/Hex       #.........   98%         4    #####..
 Iskenderun's Mystic Bla  Conj           #.......     98%         4    #####..


Dungeon Overview and Level Annotations

Branches:
Dungeon (5/15)
 Temple: D:4-7

Altars:
Ashenzari
Okawaru
Sif Muna


Innate Abilities, Weirdness & Mutations

You are too large for most types of armour.
You have claws for hands.
Your metabolism is lightning-fast.
You like to eat raw meat.
Your natural rate of healing is unusually fast.
You are covered in fur. (AC +1)
You have extremely tough skin. (AC +3)


Message History

Okay, then.
Casting: Blink (safe; 22% risk of failure)
Confirm with . or Enter, or press ? or * to list all spells.
You blink.
* * * LOW HITPOINT WARNING * * *
You feel sick.
* * * LOW HITPOINT WARNING * * *
You feel sick.
You open the door.
A crimson imp comes into view.
* * * LOW HITPOINT WARNING * * *
You feel sick.
The crimson imp shouts!
The crimson imp throws a stone.
The stone hits you but does no damage.
Casting: Blink (safe; 22% risk of failure)
Confirm with . or Enter, or press ? or * to list all spells.
You blink.
* * * LOW HITPOINT WARNING * * *
You feel sick. The scorpion stings you.
You die...

......###.#
.......'.#.#
.......#ยง#.#
###### ......#.#.#
#...<# .?....#.#.#
#.#### #.....#.#
#.# #
#.......#####.#
##.#....s........#
#.)....@..########
#......$..#
#.........#
#.........#
#.........#
#.........#
#^........#
#.........#
###########


You could see a scorpion.

Vanquished Creatures
  A scorpion (D:4)
  4 adders
  3 worms
  3 dart slugs
  2 leopard geckos
  2 ball pythons
  6 bats
  A giant cockroach (D:2)
  6 goblins
  9 hobgoblins
  17 jackals
  4 frilled lizards
  4 kobolds
  4 rats
66 creatures vanquished.

Notes
Turn   | Place    | Note
-------+----------+-------------------------------------------
     0 | D:1      | sprunkey the Troll Warper began the quest for the Orb.
     0 | D:1      | Reached XP level 1. HP: 19/19 MP: 1/1
   115 | D:1      | Reached skill level 1 in Throwing
   222 | D:1      | Reached XP level 2. HP: 28/28 MP: 3/3
   344 | D:1      | Reached skill level 2 in Maces & Flails
   392 | D:1      | Reached XP level 3. HP: 35/35 MP: 4/4
   660 | D:2      | Found a shattered altar of Ashenzari.
   961 | D:2      | Reached XP level 4. HP: 42/42 MP: 5/5
  1114 | D:3      | Found a shimmering blue altar of Sif Muna.
  1120 | D:3      | Became a worshipper of Sif Muna the Loreminder
  1260 | D:3      | Paralysed by fainting for 8 turns
  1273 | D:3      | Paralysed by fainting for 9 turns
  1300 | D:3      | Reached skill level 3 in Maces & Flails
  1500 | D:4      | Found an iron altar of Okawaru.
  1789 | D:4      | HP: 2/42 [poisoned by a scorpion]
  1795 | D:4      | HP: 2/42 [poisoned by a scorpion]
  1796 | D:4      | Reached XP level 5. HP: 2/49 MP: 6/6
  1924 | D:5      | Entered Level 5 of the Dungeon
  1937 | D:5      | Learned a level 2 spell: Blink
  1964 | D:5      | HP: 2/49 [poisoned by a scorpion]
  1964 | D:5      | Slain by a scorpion

Levels and vault maps discovered:
D:1:      minmay_arrival_up_and_down, layout_loops_ring
D:2:      minmay_chambers_of_ones, layout_loops_ring, ashenzari_altar_1
D:3:      layout_basic, led_sif_pool
D:4:      layout_gridville, lemuel_crystal_altar,
          minmay_temple_entry_gardened_gates, first_ration, uniq_robin,
          uniq_grinder, uniq_blork_the_orc
D:5:      layout_basic, lemuel_doored_altar, ebering_ghost_reflecting_pool,
          uniq_menkaure, uniq_edmund

Skill      XL: |  1  2  3  4 |
---------------+-------------+-----
Dodging        | 2 |  2.9
Throwing       | 1 |  1.0
Maces & Flails | 2 3 |  3.3
Fighting       | 2 |  2.3
Spellcasting   | |  1.8
Translocations | |  2.1

Action                   |  1- 3 |  4- 6 || total
-------------------------+-------+-------++-------
Melee: Mace              |   149 |   120 ||   269
Throw: Boomerang         |       |     3 ||     3
 Cast: Blink             |       |     2 ||     2
  Use: Scroll            |     5 |     8 ||    13
  Eat: Ration            |     2 |     3 ||     5
Armor: Robe              |    58 |    61 ||   119
Dodge: Dodged            |   101 |    70 ||   171
